 Dungeon Crawl Stone Soup version 0.22-a0-367-gb72a975 (webtiles) character file.

896 smeego the Skirmisher (level 8, -3/54 HPs)
             Began as an Octopode Fighter on Apr 23, 2018.
             Slain by a kobold
             ... wielding a +0 short sword
              (7 damage)
             ... on level 5 of the Dungeon.
             The game lasted 00:06:05 (2950 turns).

smeego the Skirmisher (Octopode Fighter)            Turns: 2950, Time: 00:06:06

Health: -3/54      AC:  1    Str: 15    XL:     8   Next: 7%
Magic:  1/10       EV: 12    Int: 13    God:
Gold:   237        SH:  9    Dex: 11    Spells: 7/10 levels left

rFire    . . .     SeeInvis .   a - +0 long sword
rCold    . . .     Gourm    .   b - +0 shield
rNeg     . . .     Faith    .   (helmet restricted)
rPois    .         Spirit   .   (no amulet)
rElec    .         Reflect  .   p - ring of protection from magic
rCorr    .         Harm     .   (no ring)
MR       +....                  (no ring)
Stlth    +++.......             (no ring)
HPRegen  0.18/turn              (no ring)
MPRegen  0.12/turn              (no ring)
                                (no ring)
                                (no ring)

@: appendage (expiring)
A: almost no armour, stealthy swim, amphibious, 8 rings, constrict 8, tentacle
spike 3, camouflage 1, blink, blurry vision 1, gelatinous body 1, MP-powered
wands
a: End Transformation, Blink


You were on level 5 of the Dungeon.
You were hungry.
One of your tentacles had a temporary spike.
You visited 1 branch of the dungeon, and saw 5 of its levels.

You collected 237 gold pieces.

Inventory:

Hand Weapons
 a - a +0 long sword (weapon)
 r - a +0 quarterstaff of draining
 s - a +0 hunting sling
 t - a +0 short sword of speed
 v - a +0 antimagic halberd
 w - a +2 antimagic short sword
Missiles
 e - 91 poisoned needles
 g - 52 sling bullets
 h - 105 stones (quivered)
Armour
 b - a +0 shield (worn)
Jewellery
 p - a ring of protection from magic (left tentacle)
Wands
 k - a wand of acid (7)
 C - a wand of disintegration (6)
Scrolls
 i - 5 scrolls of remove curse {unknown}
 j - 5 scrolls of identify
 o - a scroll of fear {unknown}
 q - a scroll of immolation {unknown}
 y - a scroll of teleportation {unknown}
 z - a scroll of enchant weapon {unknown}
 A - a scroll of amnesia {unknown}
Potions
 c - 2 potions of might
 f - 2 potions of curing
 m - a potion of flight
 n - a potion of heal wounds
 x - a potion of invisibility {unknown}
 B - a potion of brilliance {unknown}
Comestibles
 d - 6 rations


   Skills:
 + Level 4.7 Fighting
 + Level 4.1 Long Blades
 - Level 2.2 Slings
 + Level 4.0 Dodging
 + Level 3.7 Stealth
 + Level 4.1 Shields
 + Level 2.5 Unarmed Combat
 + Level 1.5 Spellcasting
 * Level 2.6 Transmutations


You had 7 spell levels left.
You knew the following spells:

 Your Spells              Type           Power        Failure   Level  Hunger
a - Beastly Appendage     Tmut           #.....       36%         1    ##.....
b - Sticks to Snakes      Tmut           #.......     50%         2    ###....


Dungeon Overview and Level Annotations

Branches:
Dungeon (5/15)
 Temple: D:4-7

Altars:
Hepliaklqana
Qazlal
Sif Muna
Trog


Innate Abilities, Weirdness & Mutations

You cannot wear most types of armour.
You are very stealthy in the water. (Stealth+)
You are amphibious.
You can wear up to eight rings at the same time.
You can use your tentacles to constrict eight enemies at once.
Your skin changes colour to match your surroundings (Stealth+).
Your rubbery body absorbs attacks. (AC +1, EV +1)
One of your tentacles bears a large vicious spike.
You can translocate small distances at will.
Scrolls take you a little longer to read.
You expend magic power (3 MP) to strengthen your wands.


Message History

You have reached level 8!
You feel a surge of power!
Evoke which item? (* to show all) (? for menu, Esc to quit)
Aiming: Disintegrate
Press: ? - help, Shift-Dir - straight line, f - gnoll
Aim: a gnoll, wielding a halberd (chance to defeat MR: 79%)
The gnoll is blasted.
You feel a surge of power!
Throwing (i - inventory. (/) - cycle)
u - a tomahawk (quivered)
Press: ? - help, Shift-Dir - straight line, f/p - gnoll
Aim: a gnoll, wielding a halberd (severely wounded)
You throw a tomahawk. The tomahawk hits the gnoll.
The gnoll is severely wounded.
The gnoll hits you from afar with a halberd!
* * * LOW HITPOINT WARNING * * *
You block the gnoll's attack.
You see here a bolt.
You slash the gnoll!
You kill the gnoll!
The kobold hits you with a short sword!
You die...

....#+##.....((.##
.... ####.###..#
.... #.# ##.# ####
#.. #.# ##+# #.#
#.# #)# +K# #@#
#(# #+###.#
#...((# #######


You could see a kobold.

Vanquished Creatures
  Grinder (D:3)
  A sky beast (D:5)
  An eye of draining (D:3)
  A big kobold (D:5)
  A scorpion (D:4)
  A howler monkey (D:4)
  A jelly (D:4)
  Terence (D:3)
  2 orc wizards (D:3)
  3 worker ants (D:4)
  Natasha (twice) (D:3)
  3 gnolls
  3 adders
  2 oozes
  3 worms (D:3)
  3 dart slugs
  3 leopard geckos
  7 orcs (D:3)
  2 giant cockroaches
  7 goblins
  4 hobgoblins
  5 jackals
  5 kobolds
  2 quokkas
  7 bats
  A frilled lizard (D:5)
  A quokka zombie (D:4)
  6 rats
79 creatures vanquished.

Notes
Turn   | Place    | Note
-------+----------+-------------------------------------------
     0 | D:1      | smeego the Octopode Fighter began the quest for the Orb.
     0 | D:1      | Reached XP level 1. HP: 16/16 MP: 1/1
   160 | D:1      | Reached XP level 2. HP: 21/21 MP: 2/2
   221 | D:1      | Reached skill level 1 in Stealth
   695 | D:2      | Reached XP level 3. HP: 17/26 MP: 3/3
   728 | D:2      | Found a hazy altar of Hepliaklqana.
   728 | D:2      | Found a stormy altar of Qazlal.
  1413 | D:3      | Noticed an eye of draining
  1439 | D:3      | Reached skill level 1 in Unarmed Combat
  1449 | D:3      | Reached XP level 4. HP: 29/31 MP: 4/4
  1514 | D:3      | Noticed Terence
  1517 | D:3      | Noticed Natasha
  1524 | D:3      | Killed Terence
  1529 | D:3      | Killed Natasha
  1531 | D:3      | Found a faded altar of an unknown god.
  1556 | D:3      | Reached XP level 5. HP: 20/37 MP: 5/5
  1636 | D:3      | Found a bloodstained altar of Trog.
  1649 | D:3      | Killed an eye of draining
  1649 | D:3      | Reached skill level 1 in Slings
  1745 | D:3      | Reached XP level 6. HP: 40/43 MP: 6/6
  1769 | D:3      | Learned a level 1 spell: Beastly Appendage
  1772 | D:3      | Learned a level 2 spell: Sticks to Snakes
  1777 | D:3      | Noticed Grinder
  1781 | D:3      | Gained mutation: Scrolls take you a little longer to read. [potion of mutation]
  1781 | D:3      | Gained mutation: You expend magic power (3 MP) to strengthen your wands. [potion of mutation]
  1781 | D:3      | Gained mutation: You can translocate small distances at will. [potion of mutation]
  1787 | D:3      | Killed Grinder
  1787 | D:3      | Reached skill level 1 in Transmutations
  1787 | D:3      | Reached XP level 7. HP: 33/49 MP: 5/7
  1890 | D:3      | Found a deep blue altar of Sif Muna.
  1990 | D:3      | Noticed Natasha
  1999 | D:3      | Killed Natasha
  2119 | D:4      | Reached skill level 1 in Spellcasting
  2786 | D:5      | Entered Level 5 of the Dungeon
  2944 | D:5      | Reached XP level 8. HP: 16/54 MP: 6/10
  2950 | D:5      | Slain by a kobold

Vault maps used:
D:1:      elethiomel_arrival_maze, minmay_pentomino_t4
D:2:      chequers_temple_overflow_statue_of_worship
D:3:      trog_eyes_of_draining, chequers_ecumenical_altar_island, tgw_sif,
          uniq_terence, uniq_natasha, uniq_grinder
D:4:      first_ration
D:5:      kennysheep_slugbush, minmay_temple_entry_hall

Skill      XL: |  1  2  3  4  5  6  7 |
---------------+----------------------+-----
Stealth        | 1 2 3 |  3.7
Unarmed Combat | 1 2 |  2.5
Long Blades    | 3 4 |  4.1
Fighting       | 4 |  4.7
Slings         | 1 2 |  2.2
Transmutations | 1 2 |  2.6
Spellcasting   | 1 |  1.5
Shields        | 4 |  4.1
Dodging        | 4 |  4.0

Action                   |  1- 3 |  4- 6 |  7- 9 || total
-------------------------+-------+-------+-------++-------
Melee: Long sword        |    55 |    44 |    52 ||   151
       Constrict         |    16 |    14 |    15 ||    45
       Tentacles         |    13 |    20 |    17 ||    50
       Short sword       |       |     7 |       ||     7
       Kick              |       |       |     6 ||     6
       Punch             |       |       |     1 ||     1
Throw: Tomahawk          |       |     1 |     1 ||     2
 Cast: Beastly Appendage |       |       |     8 ||     8
Evoke: Wand              |       |       |     5 ||     5
  Use: Potion            |       |     3 |     2 ||     5
       Scroll            |       |       |     1 ||     1
 Stab: Sleeping          |     7 |     2 |     2 ||    11
       Distracted        |     1 |       |       ||     1
  Eat: Chunk             |     2 |     1 |     3 ||     6
Armor: Skin              |     5 |       |     1 ||     6
Dodge: Dodged            |    20 |    19 |    26 ||    65
Block: Shield            |    24 |    11 |    23 ||    58
       Rpst.: Long sword |     7 |    10 |     6 ||    23

Table legend:
 A = Spawn XP
 B = Non-spawn XP
 C = Spawn XP percentage of total XP
 D = Spawn monster count
 E = Non-spawn monster count
 F = Spawn count percentage of total count
 G = Total turns spent on level
                    A         B        C        D         E        F      G
               +---------+---------+-------+---------+---------+-------+---------
         Total |       0 |    1281 |   0.0 |       0 |      79 |   0.0 |  2950
               +---------+---------+-------+---------+---------+-------+---------
           D:1 |       0 |      24 |   0.0 |       0 |      14 |   0.0 |   676
           D:2 |       0 |      32 |   0.0 |       0 |      12 |   0.0 |   616
           D:3 |       0 |     643 |   0.0 |       0 |      31 |   0.0 |   795
           D:4 |       0 |     303 |   0.0 |       0 |      11 |   0.0 |   699
           D:5 |       0 |     279 |   0.0 |       0 |      11 |   0.0 |   164
               +---------+---------+-------+---------+---------+-------+---------
